 Dungeon Crawl Stone Soup version 0.25-a0-294-gea9b1ad378 (webtiles) character file.

Game seed: 733609420652319725, levelgen mode: classic

27 Borgoz the Cutter (level 3, -2/22 HPs)
             Began as a Kobold Gladiator on Dec 16, 2019.
             Slain by a hobgoblin (7 damage)
             ... led by Robin
             ... on level 2 of the Dungeon.
             The game lasted 00:00:57 (850 turns).

Borgoz the Cutter (Kobold Gladiator)                 Turns: 850, Time: 00:00:58

Health: -2/22      AC:  4    Str: 17    XL:     3   Next: 25%
Magic:  3/3        EV: 16    Int:  9    God:
Gold:   76         SH:  0    Dex: 16    Spells: 2/2 levels left

rFire    . . .     SeeInvis .   a - +0 rapier
rCold    . . .     Gourm    .   (shield restricted)
rNeg     . . .     Faith    .   b - +0 leather armour
rPois    .         Spirit   .   c - +0 helmet
rElec    .         Reflect  .   (no cloak)
rCorr    .         Harm     .   (no gloves)
MR       .....                  (no boots)
Stlth    +.........             (no amulet)
HPRegen  0.07/turn              (no ring)
MPRegen  0.08/turn              (no ring)

@: mighty, lethally poisoned (-2 -> -34)
A: small, carnivore
a: no special abilities


You were on level 2 of the Dungeon.
You were very full.

You visited 1 branch of the dungeon, and saw 2 of its levels.

You collected 76 gold pieces.

Inventory:

Hand Weapons
 a - a +0 rapier (weapon)
Missiles
 d - 3 throwing nets (quivered)
Armour
 b - a +0 leather armour (worn)
 c - a +0 helmet (worn)
Scrolls
 h - a scroll of amnesia {unknown}
Potions
 g - a potion of curing {unknown}
Comestibles
 f - 5 rations


   Skills:
 * Level 2.6 Fighting
 * Level 4.4 Short Blades
 - Level 2.1 Throwing
 + Level 0.4 Armour
 * Level 4.2 Dodging


You had 2 spell levels left.
You didn't know any spells.
Your spell library was empty.

Dungeon Overview and Level Annotations

Branches:
Dungeon (2/15)

Altars:

Annotations:
D:2 Robin


Innate Abilities, Weirdness & Mutations

You are small and have problems with some larger weapons.
You are carnivorous and can eat meat at any time.


Message History

You are lethally poisoned!
Robin roars a battlecry!
The goblins go into a battle-frenzy!
The hobgoblin closely misses you.
You hit the hobgoblin.
The hobgoblin is lightly wounded.
You feel sick. The goblin barely misses you. The hobgoblin barely misses you.
It was a potion of might.
You feel very mighty all of a sudden.
You feel sick.
The goblin hits you with a +1 dagger of venom.
You are more poisoned.
The hobgoblin completely misses you.
You closely miss the goblin.
You feel sick. The goblin hits you but does no damage.
You are more poisoned.
You barely miss the goblin.
* * * LOW HITPOINT WARNING * * *
You feel sick. The hobgoblin hits you!
You die...

###
#..
#.#
#g#
#@#
#g#


gg# #### You could see Robin, a hobgoblin and 2 goblins.

Vanquished Creatures
  An ooze (D:1)
  2 giant cockroaches (D:1)
  3 goblins
  5 hobgoblins (D:1)
  2 kobolds (D:1)
  3 bats (D:1)
  A frilled lizard (D:1)
  3 rats (D:1)
20 creatures vanquished.

Notes
Turn   | Place    | Note
-------+----------+-------------------------------------------
     0 | D:1      | Borgoz the Kobold Gladiator began the quest for the Orb.
     0 | D:1      | Reached XP level 1. HP: 12/12 MP: 1/1
   103 | D:1      | Reached XP level 2. HP: 18/18 MP: 2/2
   578 | D:1      | Reached XP level 3. HP: 19/22 MP: 3/3
   841 | D:2      | Noticed Robin
   850 | D:2      | Slain by a hobgoblin

Levels and vault maps discovered:
D:1:      dpeg_arrival_round_c, layout_loops_ring
D:2:      layout_loops_ring, minmay_misc_feat_encased, kennysheep_nub,
          minmay_pentomino_u2, uniq_robin

Skill      XL: |  1  2 |
---------------+-------+-----
Dodging        | 4 |  4.2
Fighting       | |  2.6
Short Blades   | |  4.4
Throwing       | |  2.1
Armour         | |  0.4

Action                   || total
-------------------------++-------
Melee: Rapier            ||    66
  Use: Potion            ||     1
  Eat: Chunk             ||     7
Armor: Leather armour    ||    13
Dodge: Dodged            ||    51

Table legend:
 A = Non-vault XP
 B = Vault XP
 C = Vault XP percentage of total XP
 D = Non-vault monster count
 E = Vault monster count
 F = Vault count percentage of total count
                 A         B        C        D         E       F
            +---------+---------+-------+---------+---------+-------
      Total |      35 |       4 |  10.3 |      18 |       2 |  10.0
            +---------+---------+-------+---------+---------+-------
        D:1 |      35 |       0 |   0.0 |      18 |       0 |   0.0
        D:2 |       0 |       4 | 100.0 |       0 |       2 | 100.0
            +---------+---------+-------+---------+---------+-------
